 Dungeon Crawl Stone Soup version 0.18-a0-1088-g34ef3a2 (webtiles) character file.

688 lysy the Cudgeler (level 7, -1/66 HPs)
             Began as an Ogre Hunter on Jan 15, 2016.
             Slain by an ufetubus (3 damage)
             ... in a sewer.
             The game lasted 00:19:56 (6556 turns).

lysy the Cudgeler (Ogre Hunter)                     Turns: 6556, Time: 00:19:56

Health: -1/66      AC:  4    Str: 20    XL:     7   Next: 62%
Magic:  7/7        EV:  7    Int: 10    God:
Gold:   170        SH: 13    Dex: 12    Spells: 0 memorised, 6 levels left

rFire  . . .     SeeInvis .     a - +0 mace
rCold  . . .     Gourm    .     e - +0 robe
rNeg   . . .     Faith    .     o - +0 large shield
rPois  .         Spirit   .     (helmet restricted)
rElec  .         Dismiss  .     (no cloak)
rCorr  .         Reflect  .     (gloves unavailable)
SustAt .         Harm     .     (boots unavailable)
MR     .....     Clarity  +     (no amulet)
Stlth  ++........               (no ring)
                                (no ring)

@: not resistant to hostile enchantments, unstealthy
A: unfitting armour, icy blue scales 1, thin skeletal structure 1, clarity,
tough skin 1
a: no special abilities


You were in a sewer.
You were not hungry.

You visited 1 branch of the dungeon, and saw 4 of its levels.
You also visited: Sewer.

You collected 170 gold pieces.


Innate Abilities, Weirdness & Mutations

You are too large for most types of armour.
You have tough skin (AC +1).
You are partially covered in icy blue scales (AC +1).
You have a somewhat thin skeletal structure (Dex +2, Stealth).
You possess an exceptional clarity of mind.


   Skills:
 - Level 2.6 Fighting
 + Level 6.0 Maces & Flails
 - Level 5.1 Throwing
 + Level 4.9 Dodging
 - Level 0.7 Stealth
 - Level 2.1 Shields


You had 6 spell levels left.
You didn't know any spells.

Inventory:

Hand Weapons
 a - a +0 mace (weapon)
 b - a -1 blowgun
 g - a +0 blowgun
 h - a +0 club
 r - a +0 dagger of venom
Missiles
 d - 2 throwing nets {=f}
 i - 130 stones (quivered)
 t - 50 poisoned needles
Armour
 e - a +0 robe (worn)
 o - a +0 large shield (worn)
Jewellery
 u - an uncursed ring of ice
Scrolls
 m - a scroll of identify {@r1}
 n - a scroll of remove curse
 v - a scroll of teleportation {@r4}
Potions
 s - a potion of brilliance
Comestibles
 f - 4 bread rations

Dungeon Overview and Level Annotations

Branches:
Dungeon (4/15)
 Temple: D:4-7

Altars:
Ru
Sif Muna

Annotations:
D:3 Blork the orc Sewer Grinder

.'.#._.#.'.
'K......'#
▒▒..#..▒▒# ▒▒...▒▒
▒
▒▒▒▒▒▒▒▒▒▒▒▒▒'▒▒▒▒▒
▒5≈Z▒≈≈≈≈≈≈▒.(.▒≈≈≈
▒≈.#((≈≈≈(≈.....≈≈≈
▒≈.5▒.)(.()▒≈≈.▒...
▒▒O▒▒'▒▒▒▒▒▒▒≈▒▒▒▒▒
▒≈.≈▒......▒≈≈≈▒...
▒≈≈.▒≈≈≈≈..▒≈≈≈▒..≈
▒≈≈≈▒≈≈≈≈≈...≈...≈≈
▒≈≈≈▒≈≈≈≈≈≈▒≈)≈▒≈≈≈
▒≈≈≈▒≈≈≈≈≈≈≈.≈.▒≈≈≈
▒≈≈≈▒≈≈≈≈≈≈▒.≈.▒≈≈≈
▒≈≈≈▒≈≈≈≈≈≈▒.≈.≈≈≈≈
▒≈≈≈▒≈≈≈≈≈≈▒.≈.▒≈≈≈


You could see Grinder, an ufetubus and a big kobold zombie.


Message History

The ufetubus hits you.
* * * LOW HITPOINT WARNING * * *
Throwing (i - inventory. (,) - cycle):
i - 132 stones (quivered)
Aim: Grinder (moderately wounded)
You throw a stone.
The stone hits Grinder but does no damage.
Grinder is moderately wounded.
Grinder gestures at you. You resist with some effort. The ufetubus hits you.
* * * LOW HITPOINT WARNING * * *
You block the ufetubus's attack.
Throwing (i - inventory. (,) - cycle):
i - 131 stones (quivered)
Aim: Grinder (moderately wounded)
You throw a stone. The stone barely misses Grinder.
You hear a splash.
You block the ufetubus's attack. x2
Grinder says, "Tell me all your secrets, or I'll kill you."
Grinder gestures at you.
You struggle to resist.
The ufetubus closely misses you. You block the ufetubus's attack.
Grinder hits you.
* * * LOW HITPOINT WARNING * * *
You writhe in agony. x2
The ufetubus hits you.
* * * LOW HITPOINT WARNING * * *
The ufetubus hits you.
* * * LOW HITPOINT WARNING * * *
The ufetubus closely misses you. The ufetubus barely misses you.
Grinder gestures.
Grinder blinks!
The ufetubus hits you.
You die...

Action                   |  1- 3 |  4- 6 |  7- 9 || total
-------------------------+-------+-------+-------++-------
Melee: Short sword       |    57 |       |       ||    57
       Dagger            |    64 |       |       ||    64
       Club              |    56 |       |       ||    56
       Mace              |     3 |   318 |    39 ||   360
 Fire: Blowgun           |       |     6 |       ||     6
Throw: Stone             |    21 |    33 |     2 ||    56
       Large rock        |     8 |       |     8 ||    16
  Use: Scroll            |     3 |     4 |     1 ||     8
       Potion            |       |    10 |     2 ||    12
 Stab: Sleeping          |     1 |     1 |       ||     2
       Paralysed         |       |     1 |       ||     1
  Eat: Chunk             |     5 |     7 |       ||    12
       Bread ration      |       |     1 |     1 ||     2

Vault maps used:
D:1:      lemuel_arrival_muddy
D:3:      ecumenical_altar_2, tgw_sif
D:4:      temple_doors_c, first_bread, portal_sewer_entry_f,
          nicolae_ru_great_annihilating_truth, uniq_eustachio
Sewer:    kennysheep_sewer_church

Notes
Turn   | Place    | Note
--------------------------------------------------------------
     0 | D:1      | lysy the Ogre Hunter began the quest for the Orb.
     0 | D:1      | Reached XP level 1. HP: 22/22 MP: 1/1
   258 | D:1      | Reached skill level 2 in Dodging
   258 | D:1      | Reached XP level 2. HP: 26/29 MP: 2/2
  1019 | D:1      | Reached XP level 3. HP: 32/36 MP: 3/3
  1879 | D:2      | Reached skill level 5 in Throwing
  2473 | D:2      | Reached skill level 1 in Maces & Flails
  2473 | D:2      | Reached XP level 4. HP: 42/44 MP: 4/4
  2841 | D:2      | Reached skill level 2 in Maces & Flails
  3327 | D:2      | Reached skill level 1 in Shields
  3462 | D:3      | Noticed namelastname112's ghost (weakling DrWz)
  3995 | D:3      | Noticed Blork the orc
  4071 | D:3      | Reached XP level 5. HP: 28/50 MP: 5/5
  4114 | D:2      | HP: 4/50 [something/puff of flame (11)]
  4116 | D:2      | Reached skill level 3 in Maces & Flails
  4338 | D:3      | HP: 7/75 [namelastname112's ghost/magic dart (4)]
  4353 | D:3      | Killed namelastname112's ghost
  4353 | D:3      | Reached skill level 2 in Shields
  4808 | D:3      | Found a faded altar to an unknown god.
  4940 | D:3      | Found a deep blue altar of Sif Muna.
  5168 | D:4      | Reached skill level 4 in Maces & Flails
  5168 | D:4      | Reached XP level 6. HP: 44/59 MP: 6/6
  5280 | D:4      | Found a sacrificial altar of Ru.
  5417 | D:4      | Noticed Eustachio
  5436 | D:4      | Killed Eustachio
  5436 | D:4      | Reached skill level 5 in Maces & Flails
  5436 | D:4      | Reached skill level 3 in Dodging
  5498 | D:4      | Found a glowing drain.
  5558 | Sewer    | Entered a sewer
  6027 | Sewer    | Found a burning altar of Makhleb.
  6063 | Sewer    | Noticed an apprentice kobold demonologist
  6068 | Sewer    | Gained mutation: You have a somewhat thin skeletal structure (Dex +2, Stealth). [potion of mutation]
  6068 | Sewer    | Gained mutation: You possess an exceptional clarity of mind. [potion of mutation]
  6068 | Sewer    | Gained mutation: You are partially covered in icy blue scales (AC +1). [potion of mutation]
  6069 | Sewer    | HP: 5/59 [ufetubus (4)]
  6071 | Sewer    | Reached XP level 7. HP: 3/66 MP: 7/7
  6097 | Sewer    | HP: 6/66 [bat (1)]
  6106 | Sewer    | HP: 6/66 [bat (1)]
  6111 | Sewer    | HP: 6/66 [bat (1)]
  6119 | Sewer    | HP: 5/66 [bat (1)]
  6426 | Sewer    | Killed an apprentice kobold demonologist
  6426 | Sewer    | Reached skill level 6 in Maces & Flails
  6426 | Sewer    | Reached skill level 4 in Dodging
  6533 | Sewer    | Noticed Grinder
  6555 | Sewer    | HP: 6/66 [ufetubus (3)]
  6555 | Sewer    | HP: 2/66 [ufetubus (4)]
  6556 | Sewer    | Slain by an ufetubus

Vanquished Creatures
  A kobold demonologist (Sewer)
  Eustachio (D:4)
  The ghost of namelastname112 the Ruffian, a weakling DrWz (D:3)
  A hound (D:4)
  An orc wizard (D:2)
  5 adders
  3 shadow imps (Sewer)
  2 ufetubi (Sewer)
  3 oozes
  An adder zombie (Sewer)
  3 worms (D:2)
  6 giant geckos
  5 orcs
  5 bats
  9 giant cockroaches
  10 goblins
  9 hobgoblins
  5 jackals (D:4)
  A ball python (D:2)
  3 giant newts
  24 kobolds
  2 kobold zombies (Sewer)
  9 rats
110 creatures vanquished.

Vanquished Creatures (others)
  A giant cockroach zombie (Sewer)
  2 kobold zombies (Sewer)
3 creatures vanquished.

Grand Total: 113 creatures vanquished
